 Dungeon Crawl Stone Soup version 0.32-a0-172-gc5dd13f2a7 (webtiles) character file.

Game seed: 6533954255614957674

45 910rd the Sneak (level 3, 0/31 HPs)
             Began as a Naga Enchanter on Feb 13, 2024.
             Slain by a cerulean imp
             ... wielding a +0 spear
             ... summoned by Natasha
              (1 damage)
             ... on level 2 of the Dungeon.
             The game lasted 00:04:12 (1070 turns).

910rd the Sneak (Naga Enchanter)                    Turns: 1070, Time: 00:04:12

Health: 0/31       AC:  2    Str: 10    XL:     3   Next: 64%
Magic:  1/6        EV:  9    Int: 17    God:
Gold:   51         SH:  0    Dex: 11    Spells: 4/6 levels left

rFire   . . .        f - +2 dagger (venom)
rCold   . . .        (no shield)
rNeg    + . .        b - +0 robe
rPois   +            (no helmet)
rElec   .            (no cloak)
rCorr   .            (no gloves)
SInv    +            (no barding)
Will    .....        j - amulet of regeneration
Stlth   +++          k - ring of positive energy
HPRegen 1.05/turn    (no ring)
MPRegen 0.10/turn

%: no passive effects
@: about to teleport, very slightly contaminated, slowed, invisible, very slow
A: AC +1, large, see invisible, deformed body, poison resistance, slowness 2,
spit poison 1, naga tail 1
a: Spit Poison


You were on level 2 of the Dungeon.
You visited 1 branch of the dungeon, and saw 2 of its levels.

You collected 51 gold pieces.

Inventory:

Hand Weapons
 a - a +1 dagger
 f - a +2 dagger of venom (weapon)
 g - a +3 spear
Missiles
 i - 6 poisoned darts
Armour
 b - a +0 robe (worn)
Jewellery
 j - an amulet of regeneration (around neck)
 k - a ring of positive energy (left hand)
Scrolls
 d - 2 scrolls of teleportation
 e - a scroll of enchant armour {unknown}
Potions
 c - a potion of invisibility
 h - 2 potions of heal wounds {unknown}
 l - a potion of curing {unknown}


   Skills:
 - Level 1.0 Fighting
 - Level 1.0 Short Blades
 - Level 1.5 Dodging
 + Level 5.6 Stealth
 - Level 2.0 Spellcasting
 - Level 3.0 Hexes
 - Level 2.0 Ice Magic


You had 4 spell levels left.
You knew the following spells:

 Your Spells              Type           Power      Damage    Failure   Level
a - Ensorcelled Hibernat  Hex/Ice        20%        N/A       11%         2

Your spell library contained the following spells:

 Spells                   Type           Power      Damage    Failure   Level
 Confusing Touch          Hex            11%        N/A       17%         3
 Tukima's Dance           Hex            11%        N/A       17%         3
 Dazzling Flash           Conj/Hex       12%        N/A       30%         3


Dungeon Overview and Level Annotations

Branches:
Dungeon (2/15)

Altars:

Shops:
D:2 (:!

Annotations:
D:2 Natasha


Innate Abilities, Weirdness & Mutations

Your serpentine skin is tough. (AC +1)
You have supernaturally acute eyesight. (SInv)
Armour fits poorly on your strangely shaped body.
Your system is resistant to poisons. (rPois)
You cover ground very slowly.
You can spit poison.
You have a snake-like lower body.


Message History

Press: ? - help, Shift-Dir - straight line, f/p - Natasha
Aim: Natasha (chance to affect: 44%)
You miscast Ensorcelled Hibernation.
You are very lightly contaminated with residual magic.
Nothing appears to happen.
Natasha closely misses you.
Natasha mumbles some strange words.
Unknown command.
Casting: Ensorcelled Hibernation (safe; 11% risk of failure)
Confirm with . or Enter, or press ? or * to list all spells.
Aiming: Ensorcelled Hibernation (safe; 11% risk of failure)
Press: ? - help, Shift-Dir - straight line, f/p - Natasha
Aim: Natasha (chance to affect: 44%) Natasha resists with some effort.
The cerulean imp hits you with a +0 spear.
Natasha claws you.
Casting: Ensorcelled Hibernation (safe; 11% risk of failure)
Confirm with . or Enter, or press ? or * to list all spells.
Aiming: Ensorcelled Hibernation (safe; 11% risk of failure)
Press: ? - help, Shift-Dir - straight line, f/p - Natasha
Aim: Natasha (chance to affect: 44%) Natasha resists with some effort.
The cerulean imp hits you with a +0 spear.
Natasha claws you. Natasha claws you!
The cerulean imp hits you with a +0 spear.
You fade into invisibility!
The cerulean imp barely misses you. Natasha barely misses you.
The cerulean imp hits you but does no damage.
Natasha mumbles some strange words.
The cerulean imp hits you from afar with a +0 spear.
There is an open door here.
As you read the scroll labelled GENLEH FYO, it crumbles to dust.
You feel strangely unstable.
It was a scroll of teleportation.
Natasha claws you!
* * * LOW HITPOINT WARNING * * *
The cerulean imp barely misses you.
The cerulean imp hits you with a +0 spear.
* * * LOW HITPOINT WARNING * * *
Natasha closely misses you.
The cerulean imp hits you from afar with a +0 spear.
You die...

#.# ##≈# #.# ##
#.# #.# #.#
######### #.#
#.......# .
####.......# .
..$.....5h5#
.........#@#
...#.....#.# ..
. #...###.#####
.. #...+..∩..'.#
#
....####.###....
## ..... #.# #.
... #.### ##'#
.# #. ####..# .#
#.#...######.#


You could see Natasha and 2 cerulean imps.

Vanquished Creatures
  A gnoll (D:1)
  An adder (D:2)
  A ribbon worm (D:2)
  4 ball pythons
  2 endoplasms (D:1)
  2 giant cockroaches
  4 goblins
  2 hobgoblins
  A frilled lizard (D:1)
  A kobold (D:1)
  4 rats (D:1)
23 creatures vanquished.

Notes
Turn   | Place    | Note
-------+----------+-------------------------------------------
     0 | D:1      | 910rd the Naga Enchanter began the quest for the Orb.
     0 | D:1      | Reached XP level 1. HP: 15/15 MP: 3/3
    96 | D:1      | Reached skill level 5 in Stealth
   254 | D:1      | Reached XP level 2. HP: 13/24 MP: 5/5
   257 | D:1      | Reached skill level 1 in Fighting
   627 | D:1      | Learned a level 2 spell: Ensorcelled Hibernation
   629 | D:1      | Reached skill level 1 in Ice Magic
   629 | D:1      | Reached XP level 3. HP: 25/31 MP: 1/6
   894 | D:2      | Found Udeup's Weapon Emporium.
   898 | D:2      | Found Miromp's Book Shoppe.
  1046 | D:2      | Found Retuem's Distillery.
  1059 | D:2      | Noticed Natasha
  1070 | D:2      | HP: 1/31 [cerulean imp/+0 spear[Natasha] (4)]
  1070 | D:2      | Slain by a cerulean imp

Illustrated notes

Levels and vault maps discovered:
D:1:      mrwooster_arrival_arrow, layout_rooms
D:2:      layout_loops_cross, serial_shops, shop, nicolae_shop_hallway_plus,
          shop, minmay_misc_feat_encased, amcnicky_mini_pool_small,
          chequers_serial_rivers_small_3, uniq_terence, uniq_natasha

Skill      XL: |  1  2  3 |
---------------+----------+-----
Stealth        | 5 |  5.6
Fighting       | 1 |  1.0
Ice Magic      | 1 2 |  2.0
Short Blades   | |  1.0
Dodging        | |  1.5
Spellcasting   | |  2.0
Hexes          | |  3.0

Action                     || total
---------------------------++-------
  Melee: Dagger            ||    29
   Cast: Ensorcelled Hiber ||     5
Ability: Spit Poison       ||    19
    Use: Scroll            ||     1
         Potion            ||     1
   Stab: Sleeping          ||     3
 Armour: Robe              ||    31
  Dodge: Dodged            ||    15

Table legend: (Time is in decaauts)
 A = Elapsed time spent in this place.
 B = Non-inter-level travel time spent in this place.
 C = Inter-level travel time spent in this place.
 D = Time resting spent in this place.
 E = Time spent auto-exploring this place.
 F = Levels seen in this place.
 G = Mean time per level.
                   A        B        C        D        E       F      G
               +--------+--------+--------+--------+--------+-----+--------+
         Total |   1360 |   1266 |     94 |    160 |    807 |   2 |  680.0 |
       Dungeon |   1360 |   1266 |     94 |    160 |    807 |   2 |  680.0 |
               +--------+--------+--------+--------+--------+-----+--------+

Top non-repeatable levels by time:
     D:1: 913 daAuts
     D:2: 447 daAuts
